 Dungeon Crawl Stone Soup version 0.30.1-4-g462c640d31 (webtiles) character file.

Game seed: 7556036033200649297

39 bonety the Trooper (level 3, 0/51 HPs)
             Began as a Minotaur Berserker on Aug 25, 2023.
             Was a Believer of Trog.
             Slain by a gnoll
             ... wielding a +0 flail
              (5 damage)
             ... on level 2 of the Dungeon.
             The game lasted 00:19:13 (1481 turns).

bonety the Trooper (Minotaur Berserker)             Turns: 1481, Time: 00:19:14

Health: 0/51       AC:  6    Str: 29    XL:     3   Next: 26%
Magic:  2/2        EV: 10    Int:  4    God:    Trog [**....]
Gold:   98         SH:  0    Dex:  9    Spells: 2/2 levels left

rFire   + . .        a - +0 hand axe
rCold   + . .        (no shield)
rNeg    . . .        f - +0 scale mail
rPois   +            (helmet restricted)
rElec   +            (no cloak)
rCorr   +            (no gloves)
SInv    .            (no boots)
Will    .....        (no amulet) Stlth
                     b - +6 ring of strength
HPRegen 0.28/turn    (no ring)
MPRegen 0.08/turn

%: no passive effects
@: berserking, resistant, very quick
A: horns 2, retaliatory headbutt
a: Renounce Religion, Berserk, Trog's Hand


You were on level 2 of the Dungeon.
You worshipped Trog.
Trog was pleased with you.
You visited 1 branch of the dungeon, and saw 2 of its levels.

You collected 98 gold pieces.

Inventory:

Hand Weapons
 a - a +0 hand axe (weapon)
Armour
 f - a +0 scale mail (worn)
Jewellery
 b - a +6 ring of strength (left hand)
Scrolls
 d - a scroll of teleportation {unknown}
 e - a scroll of identify


   Skills:
 * Level 4.5 Fighting
 * Level 4.5 Axes
 - Level 2.4 Armour
 - Level 2.1 Dodging


You had 2 spell levels left.
You didn't know any spells.
Your spell library contained the following spells:

 Spells                   Type           Power      Damage    Failure   Level
 Necrotise                Necr           0%         1d4       77%         1
 Vampiric Draining        Necr           0%         2d6       98%         3
 Passage of Golubria      Tloc           0%         N/A       100%        4
 Agony                    Necr           0%         N/A       100%        5
 Silence                  Hex/Air        0%         N/A       100%        5
 Lehudib's Crystal Spear  Conj/Erth      0%         10d2      100%        8


Dungeon Overview and Level Annotations

Branches:
Dungeon (2/15)

Altars:


Innate Abilities, Weirdness & Mutations

You have a pair of horns on your head.
You reflexively headbutt those who attack you in melee.


Message History

Found a stone staircase leading down.
No target in view!
HP restored.
A quokka comes into view.
The quokka bites you but does no damage.
You closely miss the quokka.
The quokka bites you but does no damage.
The quokka misses you. You furiously retaliate!
You headbutt the quokka!
You kill the quokka!
Trog accepts your kill.
e - a scroll of identify You now have 92 gold pieces (gained 19).
You now have 98 gold pieces (gained 6).
A gnoll comes into view. It is wielding a +0 flail. x2
The gnoll shouts!
You hear a shout!
You hear an angry hiss.
You hear a shout!
A gnoll comes into view. It is wielding a +0 spear.
The gnoll hits you with a +0 flail.
You barely miss the gnoll. You hit the gnoll.
A kobold comes into view. It is wielding a +0 club.
The gnoll hits you with a +0 flail. The gnoll attacks as you move away!
The gnoll closely misses you.
The kobold shouts!
The gnoll hits you with a +0 flail! The gnoll attacks as you move away!
The gnoll hits you with a +0 flail!
* * * LOW HITPOINT WARNING * * *
It was a potion of resistance.
You feel protected.
A frilled lizard comes into view.
The gnoll hits you with a +0 flail.
* * * LOW HITPOINT WARNING * * *
A red film seems to cover your vision as you go berserk!
You feel yourself moving faster!
You feel mighty!
The frilled lizard hisses angrily.
The gnoll barely misses you.
A gnoll comes into view. It is wielding a +0 whip.
The gnoll hits you with a +0 flail.
* * * LOW HITPOINT WARNING * * *
You feel a strong urge to attack something.
The gnoll hits you but does no damage. The gnoll hits you with a +0 flail.
You die...

...........## ..##..#..#.......
............. .........####.###
............. #.......###..#
...#......... ##.#.....##..####
...##........ ##..#.............
..##############.................
#..# #.# #.#.#.....).........
#..## ##.## ##...#......†........
##..# #...# #..g@.....†.<........
##.###.#.###.#.g.......)........
#..#..#..#..#gK.......†........
##...###...##.................#
#...# #..^##................##
##.## ##.###.l...######.##### ###
### #.g.#... ... ...###... .##
...# ### ..


You could see 4 gnolls, a kobold and a frilled lizard.

Vanquished Creatures
  12 ball pythons
  6 bats
  3 endoplasms
  2 goblins
  A hobgoblin (D:2)
  4 quokkas
  2 frilled lizards (D:1)
  4 kobolds
  3 rats
37 creatures vanquished.

Notes
Turn   | Place    | Note
-------+----------+-------------------------------------------
     0 | D:1      | bonety the Minotaur Berserker began the quest for the Orb.
     0 | D:1      | Reached XP level 1. HP: 19/19 MP: 0/0
   150 | D:1      | Reached XP level 2. HP: 15/27 MP: 1/1
  1071 | D:1      | Reached ** piety under Trog
  1291 | D:2      | Reached XP level 3. HP: 25/34 MP: 2/2
  1481 | D:2      | Slain by a gnoll

Illustrated notes

Levels and vault maps discovered:
D:1:      roderic_octagonal_star, layout_loops_ring, serial_bayou_pond_b,
          nicolae_hexahallways, chequers_serial_rivers_large_b
D:2:      layout_rooms, serial_curves, eino_curves_03, eino_curves_03

Skill      XL: |  1 |
---------------+----+-----
Fighting       | 4 |  4.5
Axes           | 4 |  4.5
Armour         | |  2.4
Dodging        | |  2.1

Action                     || total
---------------------------++-------
  Melee: Hand axe          ||    72
         Headbutt          ||     6
 Invoke: Berserk           ||     1
    Use: Potion            ||     2
         Scroll            ||     1
 Armour: Animal skin       ||    10
         Scale mail        ||    26
  Dodge: Dodged            ||    52
